Jonadab, neutral female human Monk --- ----------- |.. |^...`....| |......" ---------- -------------...0...0 | -................. ---------- ------------..........c........- -............................ ---------.....................:...)>..-- -................................................P............!)*[-- --..................p................................'.......%...-- --...... 0........................e...........:.G...........-- --.....................................................G.....-- --......................................<....................-- --.............................................................-- --..............................................................=-- -.................................................................-- -......%...................+. ---------.............................-- -.................. ---------- ------------...........C....@..- |....... ----------- -------------.........| |... |....(....| ---- ----------- Jonadab the Student of Stones Experience level: 10 Strength: 25 Dexterity: 17 Constitution: 15 Intelligence: 9 Wisdom: 13 Charisma: 8 Health: 0(63) Energy: 42(42) AC: 6 Gold: 47 Moves: 8888 Your Inventory: Coins $ - 47 gold pieces Weapons c - a blessed [+0] runed dagger [elven] d - an uncursed [+0] runed dagger [elven] e - 17 uncursed [+0] daggers (in quiver) z - a cursed [-1] runed broadsword [elven] J - an [uncursed +0] runed arrow [elven] Armor g - an uncursed very rusty +1 pair of iron shoes (being worn) m - an uncursed thoroughly rusty +0 pair of gauntlets of power (being worn) B - an [uncursed +0] pair of boots called snow.elfcount.1 [elven] D - an uncursed thoroughly burnt +1 robe (being worn) H - an uncursed +0 dwarvish roundshield (being worn) Comestibles o - 3 uncursed tripe rations A - 2 uncursed food rations R - 2 uncursed lizard corpses S - an uncursed apple Rings C - a [cursed] coral ring [of polymorph] Wands E - an uncursed wand called teleport [of teleportation (0:2)] G - an uncursed wand of lightning [0:4] K - an uncursed wand of make invisible [0:4] Tools b - an uncursed sack named SokoPrize k - an uncursed key [skeleton key] q - an uncursed [+0] pick-axe u - 2 uncursed [tallow] candles w - an uncursed tin whistle F - an [uncursed +0] unicorn horn L - an uncursed oil lamp (0:489) Gems i - an uncursed white gem [worthless glass] j - 2 uncursed red gems [worthless glass] v - an uncursed red gem [garnet] X - 2 uncursed yellowish brown gems [worthless glass] Contents of the sack named SokoPrize: 1759 gold pieces an [uncursed +0] pair of hiking boots [kicking] an uncursed +2 pair of leather gloves an [uncursed] scroll labeled ACHAT SHTAYIM SHALOSH [of gold detection] an [uncursed] indigo potion [of hallucination] an [uncursed] orange potion [of speed] a [cursed] potion called acid maybe? [of acid] an uncursed agate ring [of see invisible] an uncursed ceramic ring [of stealth] an uncursed coral ring [of polymorph] an uncursed +3 ring of adornment an uncursed [+1] ring of adornment an uncursed +1 ring of gain dexterity a cursed wooden ring [of polymorph control] a cursed wooden ring [of polymorph control] an uncursed wand of cold [0:5] an uncursed wand of magic missile [0:1] a blessed wand of speed monster [0:2] an uncursed wand of striking [0:5] an uncursed [wax] candle 6 uncursed [tallow] candles 3 uncursed green gems [worthless glass] 4 uncursed orange gems [worthless glass] Spells known in the end: Name Level Category Fail Memory a - healing 1 healing 61% [|||||...] Your skills at the end: Fighting Skills martial arts [Expert] Weapon Skills Spellcasting Skills healing spells [Basic] Final Attributes: You were piously aligned. Hunger level was 497. Your alignment was 54 / 54. Monster difficulty range was 2 - 11. Level difficulty was 12. You were immune to sleep. You were immune to poison. You saw invisible. You were warned. You had automatic searching. You were invisible to others. You were stealthy. You were fast. Your luck was zero. You are dead. Vanquished creatures: a winged gargoyle a giant mimic a zruty an ice troll a troll a shocking sphere 2 gargoyles a dwarf king a stone giant a red naga a pit viper a wraith a leather golem an incubus 2 chameleons a giant beetle 4 quivering blobs 4 wolves a winter wolf cub a lynx a leprechaun a mumak 2 giant spiders a scorpion a black light a vampire bat 6 gnome kings a dwarf mummy a rust monster a yeti a gold golem a werewolf 2 Green-elves 2 lizards 4 chickatrices a housecat 2 jaguars a dwarf lord a white unicorn 2 ravens a gnome mummy 2 Woodland-elves 5 soldier ants a snow ant 11 bugbears an imp a quasit 13 Mordor orcs 2 Uruk-hai 2 rock piercers 6 enormous rats 3 rock moles a fog cloud a yellow light a shrieker a violet fungus 8 gnome lords 3 gnomish wizards 2 gray oozes an elf zombie 3 paper golems a baby crocodile 4 giant ants 2 little dogs 2 floating eyes 9 dwarves 2 homunculi a kobold lord a kobold shaman 9 hill orcs 8 rothes a rabid rat a centipede 3 giant bats 3 monkeys 3 orc zombies 5 dwarf zombies a werejackal 3 iguanas 3 killer bees 7 coyotes 3 gas spores 6 hobbits 6 manes 17 hobgoblins 5 giant rats a cave spider 2 brown molds 3 yellow molds a green mold a red mold 44 gnomes 7 garter snakes 4 geckos 6 jackals 3 foxes 2 kobolds 6 goblins a sewer rat 6 grid bugs 3 lichens 2 kobold zombies 6 newts 334 creatures vanquished. Voluntary challenges: You were vegetarian. You never hit with a wielded weapon. You read items or engraved 19 times. You put on armor 19 times. You never genocided any monsters. You never polymorphed an object. You never changed form. You used no wishes. You wrote Elbereth's name 7 times. You never encountered a bones level. You never used any Sokoban shortcuts. Dungeon overview: The Dungeons of Doom: levels 1 to 14 Level 1 a long staircase Level 2 (2lockedchests) Level 4 some fountains stairs to The Gnomish Mines Level 5 a fountain Level 6 (PetHere-Delphi) many fountains Level 7 a fountain stairs to Sokoban Level 12 <- You were here Level 13 an altar, a throne The Gnomish Mines: levels 5 to 9 Level 5 stairs to The Dungeons of Doom Level 8 some shops, a temple, a magic chest, some fountains Sokoban: levels 4 to 6 Level 6 a magic chest stairs to The Dungeons of Doom History has recorded: On T:1 you entered the Dungeons of Doom to retrieve the Amulet of Yendor! On T:217 you reached level 2 of The Dungeons of Doom. On T:331 you advanced to experience level 2. On T:350 you reached level 3 of The Dungeons of Doom. On T:606 you advanced to experience level 3. On T:886 you reached level 4 of The Dungeons of Doom. On T:962 you advanced to experience level 4. On T:1048 you reached level 1 of The Gnomish Mines. On T:1084 you reached level 5 of The Dungeons of Doom. On T:1337 you reached level 6 of The Dungeons of Doom. On T:1367 you advanced to experience level 5. On T:1446 you advanced to experience level 6. On T:1616 you reached level 7 of The Dungeons of Doom. On T:1660 you advanced to experience level 7. On T:1707 you reached level 8 of The Dungeons of Doom. On T:1764 you reached level 3 of Sokoban. On T:2978 you reached level 2 of Sokoban. On T:3026 you advanced to experience level 8. On T:3835 you reached level 1 of Sokoban. On T:5087 you advanced to experience level 9. On T:5528 you reached level 2 of The Gnomish Mines. On T:6092 you reached level 3 of The Gnomish Mines. On T:6210 you reached level 4 of The Gnomish Mines. On T:6566 you reached level 5 of The Gnomish Mines. On T:7208 you reached level 9 of The Dungeons of Doom. On T:7239 you reached level 10 of The Dungeons of Doom. On T:7299 you reached level 12 of The Dungeons of Doom. On T:7301 you reached level 13 of The Dungeons of Doom. On T:7458 you advanced to experience level 10. On T:7482 you reached level 14 of The Dungeons of Doom. Latest messages: You hit the giant turtle! (2x) [HP+1=63] You hit the giant turtle! The forest centaur wields a bow! The forest centaur zaps a wand of striking! The wand hits you! [HP-14=49] The forest centaur zaps a wand of striking! The wand hits you! [HP-13=36] The forest centaur zaps a wand of striking! [HP+1=37] The forest centaur zaps a wand of striking! The wand hits you! [HP-19=18] The forest centaur zaps a wand of striking! The wand hits you! You hear the howling of the CwnAnnwn... The lizard is almost hit by an arrow! [HP-15=3] The forest centaur zaps a wand of striking! The wand hits you! You die... Final status: Punardarsanaya Jonadab the Monk... You died in The Dungeons of Doom on dungeon level 12 with 32392 points, and 1806 pieces of gold, after 8888 moves. You were level 10 with a maximum of 63 hit points when you died.